 Dungeon Crawl Stone Soup version 0.26.1 (webtiles) character file.

Game seed: 3298974437385645220

53007 hawla the Thaumaturge (level 14, 0/102 HPs)
             Began as a Purple Draconian Conjurer on Feb 7, 2021.
             Was a Follower of Vehumet.
             Slain by a naga
             ... wielding a +0 mace
              (26 damage)
             ... on level 2 of the Lair of Beasts.
             The game lasted 01:26:28 (24489 turns).

hawla the Thaumaturge (Purple Draconian Conjurer)  Turns: 24489, Time: 01:26:29

Health: 0/102      AC: 12    Str: 11    XL:     14   Next: 29%
Magic:  17/30      EV: 12    Int: 23    God:    Vehumet [*.....]
Gold:   2720       SH: 12    Dex:  9    Spells: 0/37 levels left

rFire    . . .     SeeInvis .   p - +9 staff of Olgreb {rPois∞}
rCold    . . .     Faith    .   E - +3 buckler
rNeg     . . .     Spirit   .   (armour unavailable)
rPois    ∞         Reflect  +   (helmet restricted)
rElec    .         Harm     .   O - +0 cloak
rCorr    .         Rampage  .   q - +0 pair of gloves
Will     +++..                  s - +1 pair of boots {Fly}
Stlth    ++........             x - amulet of reflection
HPRegen  0.67/turn              w - ring of willpower
MPRegen  0.22/turn              G - ring of wizardry

@: constricted, studying Throwing
A: breathe power, unfitting armour, big wings, sense surroundings 1,
regeneration 1, cold-blooded, AC +8
a: Breathe Dispelling Energy, Fly, Renounce Religion


You were on level 2 of the Lair of Beasts.
You worshipped Vehumet.
Vehumet was aware of your devotion.
You visited 4 branches of the dungeon, and saw 19 of its levels.
You also visited: Ossuary and Bailey.

You collected 4830 gold pieces.
You spent 2045 gold pieces at shops.
You paid 65 gold pieces to Gozag.

Inventory:

Hand Weapons
 l - the +10 whip of Sharkskin {freeze, Dex+2}
   (You bought it in a shop on level 4 of the Dungeon)

   It has been specially enchanted to freeze those struck by it, causing extra
   injury to most foes and up to half again as much damage against particularly
   susceptible opponents.
   It can also slow down cold-blooded creatures.
   It affects your dexterity (+2).
 p - the +9 staff of Olgreb (weapon) {rPois∞}
   (You found it on level 8 of the Dungeon)

   It grants immunity to poison.
Missiles
 d - 12 curare-tipped darts
 K - 8 silver javelins
Armour
 q - a +0 pair of gloves (worn)
 s - a +1 pair of boots of flying (worn)
 E - a +3 buckler (worn)
 O - a +0 cloak (worn)
Jewellery
 w - a ring of willpower (left hand)
 x - an amulet of reflection (around neck)
 G - a ring of wizardry (right hand)
 T - an uncursed ring of protection from cold
Wands
 f - a wand of flame (53)
 h - a wand of iceblast (10)
 m - a wand of paralysis (17)
 I - a wand of disintegration (10)
 M - a wand of acid (4)
Scrolls
 g - a scroll of enchant armour
 i - 6 scrolls of remove curse
 A - 2 scrolls of teleportation
 B - 4 scrolls of amnesia
 L - 6 scrolls of identify
 Q - a scroll of magic mapping
Potions
 a - 6 potions of flight
 b - 7 potions of curing
 c - a potion of berserk rage
 e - 2 potions of haste
 j - a potion of heal wounds
 o - 2 potions of resistance
 r - 3 potions of invisibility
 u - a potion of might
 C - 4 potions of brilliance
 D - a potion of magic
 H - a potion of cancellation
Books
 N - a manual of Throwing
Miscellaneous
 y - a phial of floods


   Skills:
 - Level 3.0 Fighting
 - Level 4.0(6.2) Maces & Flails
 - Level 7.5(8.0) Staves
 + Level 5.5 Throwing
 + Level 7.7 Dodging
 - Level 1.7 Stealth
 - Level 4.0 Shields
 + Level 12.3 Spellcasting
 - Level 10.7 Conjurations
 - Level 1.0 Necromancy
 - Level 4.7 Translocations
 - Level 2.0 Transmutations
 - Level 3.4 Fire Magic
 + Level 11.9 Earth Magic
 - Level 2.0 Poison Magic
 - Level 8.0 Evocations


You couldn't memorise any spells.
You knew the following spells:

 Your Spells              Type           Power        Failure   Level
a - Magic Dart            Conj           100%         1%          1
b - Searing Ray           Conj           100%         1%          2
c - Iskenderun's Mystic   Conj/Tloc      49%          1%          4
d - Apportation           Tloc           70%          1%          1
e - Iskenderun's Battles  Conj           59%          1%          5
f - Bolt of Magma         Conj/Fire/Erth 26%          1%          5
g - Iron Shot             Conj/Erth      30%          2%          6
h - Ignite Poison         Fire/Tmut/Pois 38%          1%          3
i - Irradiate             Conj/Tmut      21%          3%          5
j - Borgnjor's Vile Clut  Necr/Erth      21%          3%          5

Your spell library contained the following spells:

 Spells                   Type           Power        Failure   Level
 Shock                    Conj/Air       100%         1%          1
 Animate Skeleton         Necr           36%          1%          1
 Corona                   Hex            15%          1%          1
 Foxfire                  Conj/Fire      100%         1%          1
 Freeze                   Ice            56%          1%          1
 Pain                     Necr           72%          1%          1
 Sandblast                Erth           100%         1%          1
 Summon Small Mammal      Summ           56%          1%          1
 Blink                    Tloc           N/A          1%          2
 Sublimation of Blood     Necr           9%           1%          2
 Dazzling Flash           Conj/Hex       76%          1%          3
 Gell's Gravitas          Tloc           17%          1%          3
 Lesser Beckoning         Tloc           17%          1%          3
 Teleport Other           Tloc           35%          1%          3
 Fulminant Prism          Conj/Hex       19%          1%          4
 Hailstorm                Conj/Ice       38%          1%          4
 Petrify                  Tmut/Erth      46%          1%          4
 Call Imp                 Summ           14%          2%          2
 Corpse Rot               Necr/Air       N/A          2%          2
 Passage of Golubria      Tloc           N/A          2%          4
 Fireball                 Conj/Fire      23%          2%          5
 Call Canine Familiar     Summ           14%          5%          3
 Frozen Ramparts          Ice            28%          5%          3
 Ozocubu's Armour         Ice            14%          5%          3
 Summon Guardian Golem    Hex/Summ       14%          5%          3
 Animate Dead             Necr           9%           12%         4
 Dispel Undead            Necr           18%          12%         4
 Summon Ice Beast         Ice/Summ       14%          17%         4
 Summon Lightning Spire   Summ/Air       14%          17%         4
 Orb of Destruction       Conj           29%          19%         7
 Alistair's Intoxication  Tmut/Pois      23%          21%         5
 Agony                    Necr           18%          32%         5
 Excruciating Wounds      Necr           9%           32%         5
 Yara's Violent Unravell  Hex/Tmut       9%           32%         5
 Eringya's Noxious Bog    Tmut/Pois      17%          71%         6
 Spellforged Servitor     Conj/Summ      19%          82%         7
 Death Channel            Necr           9%           85%         6
 Simulacrum               Ice/Necr       8%           89%         6


Dungeon Overview and Level Annotations

Branches:
Dungeon (15/15)            Temple (1/1) D:4            Lair (2/6) D:9
  Snake (0/4) Lair:2          Orc (1/2) D:12         Vaults (0/5) D:14
Ossuary (visited)          Bailey (visited)
  Swamp: Lair:2-4    Shoals: Lair:2-4    Depths: D:15

Altars:
Ashenzari
Cheibriados
Dithmenos
Elyvilon
Fedhas
Gozag
Hepliaklqana
Kikubaaqudgha
Makhleb
Nemelex Xobeh
Okawaru
Qazlal
Ru
Sif Muna
Trog
Uskayaw
Vehumet
Wu Jian
Xom
Yredelemnul
Zin
The Shining One
Beogh

Shops:
D:4 !((:!   D:5 *   D:10 *   D:14 !

Annotations:
D:8 1 runed translucent door
D:14 Asomn's ghost, journeyman DsFi; Imiczer's ghost, journeyman FoFi; Jaliuk's ghost, journeyman DECj; Onucvo's ghost, journeyman FoFi; Opnastoc's ghost, journeyman MiBe; Uqorphet's ghost, journeyman DECj


Innate Abilities, Weirdness & Mutations

You can breathe bolts of dispelling energy.
Your rich purple scales are hard. (AC +8)
You cannot fit into any form of body armour.
You are cold-blooded and may be slowed by cold attacks.
Your large and strong wings let you fly indefinitely.
You passively map a small area around you.
Your natural rate of healing is unusually fast.


Message History

Confirm with . or Enter, or press ? or * to list all spells.
Aiming: Searing Ray (safe; 1% risk of failure)
Press: ? - help, Shift-Dir - straight line, f - blink frog
Aim: a blink frog (severely wounded, poisoned, 30% to evade)
The searing ray hits the blink frog!
You kill the blink frog!
Vehumet accepts your kill. (Press . to maintain the ray.)
The searing ray hits the naga!
The naga is heavily wounded.
The naga looks more healthy.
The naga rages.
The searing ray hits the naga.
The naga is severely wounded.
The naga hits you with a +0 mace!!
* * * LOW HITPOINT WARNING * * *
The naga grabs you.
* * * LOW HITPOINT WARNING * * *
The naga constricts you. The naga hits you with a +0 mace!!
You die...

* *** ......P * [......
+, * ,......# ....... *
, ** * , ......# ,
......# * ##N..[#* *
##@†...# ##...#### * ##
#†...# ###+#.#####
#.†.##
#.......#.####+##.######
#..........#...........#
#........#
+...........## ........#
#............# ........#
#............##


You could see a naga (berserk, incited).

Vanquished Creatures
  A yaktaur captain (D:14)
  Fannar (D:11)
  2 hydras
  4 two-headed ogres
  2 ogre magi (D:13)
  Urug (D:12)
  8 skeletal warriors
  The ghost of Hehehe the Cleaver, a novice DDFi (D:8)
  7 wizards
  7 deep elf magi (D:13)
  9 ugly things
  4 manticores
  A cyclops (D:15)
  5 cane toads
  5 centaur skeletons
  2 gargoyles
  Maggie (Lair:1)
  4 komodo dragons
  2 yaktaurs (D:14)
  4 trolls
  5 blink frogs (Lair:2)
  3 spriggans (D:8)
  2 wyverns (D:10)
  Eustachio (D:6)
  38 yaks
  5 large abominations (D:14)
  8 vampire mosquitoes
  Menkaure (D:6)
  7 small abominations (D:14)
  2 nagas (Lair:2)
  4 soldier ants (D:8)
  Duvessa (D:7)
  11 water moccasins
  10 orc warriors
  4 phantoms
  2 ice beasts
  3 sky beasts
  2 black bears
  A necrophage (D:11)
  An eye of draining (D:15)
  11 ogres
  19 centaurs
  4 big kobolds (D:11)
  21 bullfrogs
  A hornet simulacrum (D:11)
  A wyvern skeleton (D:12)
  Dowan (D:7)
  4 scorpions
  25 killer bees
  11 wights
  3 howler monkeys (D:9)
  3 bullfrog zombies
  3 centaur zombies
  3 jellies
  A bullfrog skeleton (D:12)
  5 hounds
  8 orc priests
  Jessica (D:2)
  Natasha (twice) (D:4)
  An iguana (D:8)
  8 orc wizards
  12 worker ants
  4 ogre zombies (Ossuary)
  7 mummies (Ossuary)
  3 hound skeletons
  A worker ant zombie (D:9)
  Robin (D:3)
  2 gnolls (Bailey)
  20 adders
  2 howler monkey skeletons
  2 shadow imps
  A white imp (D:6)
  An ooze (D:4)
  2 ufetubi
  5 adder zombies (Ossuary)
  3 adder skeletons
  2 worms
  4 dart slugs
  6 leopard geckos
  53 orcs
  3 ball pythons
  9 bats
  5 giant cockroaches
  29 goblins
  11 hobgoblins
  9 jackals
  7 quokkas
  5 frilled lizards
  2 goblin zombies (Ossuary)
  3 hobgoblin zombies (Ossuary)
  2 jackal zombies (D:6)
  41 kobolds
  4 kobold zombies (Ossuary)
  A leopard gecko skeleton (D:4)
  2 quokka skeletons
  4 quokka zombies (Ossuary)
  6 rats
  7 rat zombies (Ossuary)
599 creatures vanquished.

Vanquished Creatures (others)
  A human (D:3)
  52 fungi
  60 plants
113 creatures vanquished.

Grand Total: 712 creatures vanquished

Notes
Turn   | Place    | Note
-------+----------+-------------------------------------------
     0 | D:1      | hawla the Draconian Conjurer began the quest for the Orb.
     0 | D:1      | Reached XP level 1. HP: 14/14 MP: 3/3
   251 | D:1      | Reached XP level 2. HP: 17/20 MP: 1/5
   454 | D:1      | Learned a level 2 spell: Searing Ray
  1148 | D:2      | Reached XP level 3. HP: 26/26 MP: 0/6
  1255 | D:2      | Noticed Jessica
  1260 | D:2      | Killed Jessica
  1261 | D:2      | Reached skill level 5 in Conjurations
  1359 | D:2      | Reached XP level 4. HP: 33/33 MP: 5/8
  1364 | D:2      | Learned a level 4 spell: Iskenderun's Mystic Blast
  1765 | D:2      | Found a bloodstained altar of Trog.
  1836 | D:2      | Reached skill level 1 in Translocations
  2184 | D:3      | Found an ornate altar of the Wu Jian Council.
  2322 | D:3      | Noticed Robin
  2329 | D:3      | Killed Robin
  2330 | D:3      | Reached skill level 1 in Fighting
  2330 | D:3      | Reached XP level 5. HP: 39/40 MP: 3/9
  2331 | D:3      | Reached skill level 3 in Spellcasting
  2776 | D:3      | Found an ancient bone altar of Kikubaaqudgha.
  2779 | D:3      | Noticed a human
  2781 | D:3      | Killed a human
  2992 | D:3      | Found an ancient bone altar of Kikubaaqudgha.
  3383 | D:3      | Reached XP level 6. HP: 47/47 MP: 4/10
  4070 | D:4      | Gained mutation: Your large and strong wings let you fly
                  | indefinitely. [potion of mutation]
  4070 | D:4      | Gained mutation: You passively map a small area around you.
                  | [potion of mutation]
  4070 | D:4      | Gained mutation: Your natural rate of healing is unusually
                  | fast. [potion of mutation]
  4150 | D:4      | Found a staircase to the Ecumenical Temple.
  4166 | Temple   | Entered the Ecumenical Temple
  4338 | Temple   | Became a worshipper of Vehumet
  4513 | D:4      | Found Unlyexzo's Book Shop.
  4566 | Temple   | Fell from the grace of Vehumet
  4566 | Temple   | Became a worshipper of Gozag Ym Sagoz the Greedy
  4682 | D:4      | Found Puxzeoh's Distillery.
  4687 | D:4      | Bought a potion of degeneration for 11 gold pieces
  4724 | D:4      | Reached skill level 1 in Evocations
  4724 | D:4      | Your scales start taking on a rich purple colour.
  4724 | D:4      | Reached skill level 4 in Spellcasting
  4724 | D:4      | Reached XP level 7. HP: 52/52 MP: 2/13
  5035 | D:4      | Found Wuquf's Weapon Boutique.
  5051 | D:4      | Found Ecliod's Antique Weapon Shop.
  5075 | D:4      | Bought a polished whip for 135 gold pieces
  5075 | D:4      | Identified the +10 whip of Sharkskin {freeze, Dex+2} (You
                  | bought it in a shop on level 4 of the Dungeon)
  5322 | D:4      | Found Sacojadi's Distillery.
  5364 | D:4      | Noticed Natasha
  5367 | D:4      | Killed Natasha
  5383 | D:4      | Noticed Natasha
  5386 | D:4      | Killed Natasha
  5387 | D:4      | Reached skill level 1 in Maces & Flails
  5554 | D:4      | Found a hide-covered altar of Uskayaw.
  5629 | D:5      | Entered Level 5 of the Dungeon
  5940 | D:5      | Found a shimmering altar of Xom.
  5949 | D:5      | Found a shimmering altar of Xom.
  5949 | D:5      | Found a shimmering altar of Xom.
  5958 | D:5      | Found a shimmering altar of Xom.
  5968 | D:5      | Reached skill level 5 in Spellcasting
  5968 | D:5      | Reached skill level 1 in Earth Magic
  5968 | D:5      | Reached XP level 8. HP: 59/59 MP: 9/15
  6182 | D:5      | Found Asid Dait's Assorted Antiques.
  6192 | D:5      | Bought a red potion for 18 gold pieces
  6192 | D:5      | Bought a pair of embroidered boots for 150 gold pieces
  6192 | D:5      | Bought a metallic dark potion for 18 gold pieces
  6192 | D:5      | Bought a coppery potion for 18 gold pieces
  6424 | D:6      | Found a sand-covered staircase.
  6435 | Ossuary  | Entered an ossuary
  7632 | D:6      | Noticed Menkaure
  7637 | D:6      | Killed Menkaure
  7638 | D:6      | Reached skill level 6 in Spellcasting
  7832 | D:6      | Found a glowing silver altar of Zin.
  7882 | D:6      | Noticed Eustachio
  7892 | D:6      | Killed Eustachio
  8112 | D:6      | Reached XP level 9. HP: 61/64 MP: 9/19
  8240 | D:6      | Reached skill level 7 in Spellcasting
  8740 | D:7      | Found a snail-covered altar of Cheibriados.
  8761 | D:6      | Was forgiven by Vehumet
  8892 | D:7      | Reached skill level 1 in Shields
  9002 | D:7      | Found a basalt altar of Yredelemnul.
  9013 | D:7      | Reached skill level 5 in Earth Magic
  9045 | D:7      | Found a blossoming altar of Fedhas.
  9106 | D:7      | Noticed Dowan
  9108 | D:7      | Noticed Duvessa
  9109 | D:7      | Killed Dowan
  9128 | D:7      | Killed Duvessa
  9347 | D:7      | Reached skill level 8 in Spellcasting
  9688 | D:4      | Bought a book of Power for 495 gold pieces
  9688 | D:4      | Bought a book of Cantrips for 220 gold pieces
  9781 | D:8      | Got a serpentine zirconium amulet
  9890 | D:8      | Found a flagged portal.
  9908 | Bailey   | Entered a bailey
  9932 | Bailey   | Identified the amulet of Rationality {Acrobat rF- Int+7}
                  | (You found it on level 8 of the Dungeon)
  9941 | Bailey   | Learned a level 1 spell: Apportation
  9947 | Bailey   | Learned a level 5 spell: Iskenderun's Battlesphere
  9953 | Bailey   | Learned a level 5 spell: Bolt of Magma
  9960 | Bailey   | Learned a level 6 spell: Iron Shot
 10186 | Bailey   | Reached skill level 1 in Fire Magic
 10637 | D:8      | Found a sacrificial altar of Ru.
 10747 | D:8      | Found a runed translucent door.
 10750 | D:8      | Found a white marble altar of Elyvilon.
 10755 | D:8      | Found a shadowy altar of Dithmenos.
 10763 | D:8      | Found a basalt altar of Yredelemnul.
 10782 | D:8      | Found the +9 staff of Olgreb {rPois∞}
 10793 | D:8      | Found a runed translucent gate.
 10793 | D:8      | Found a runed translucent gate.
 10794 | D:8      | Found a runed translucent door.
 10807 | D:8      | Found a runed translucent gate.
 10822 | D:8      | Reached XP level 10. HP: 71/71 MP: 18/22
 11390 | D:8      | Found a runed translucent door.
 11393 | D:8      | Noticed Hehehe's ghost (novice DDFi)
 11394 | D:8      | Identified the +1 trident of Degg {vorpal, rElec}
 11691 | D:8      | Reached skill level 9 in Spellcasting
 11701 | D:8      | Killed Hehehe's ghost
 11976 | D:4      | Bought the Collected Works on Burning Necromancy for 503
                  | gold pieces
 11980 | D:4      | Learned a level 3 spell: Ignite Poison
 12142 | D:9      | Reached skill level 1 in Staves
 12142 | D:9      | Reached skill level 1 in Poison Magic
 12152 | D:9      | Reached skill level 1 in Transmutations
 12295 | D:9      | Found a staircase to the Lair.
 12325 | D:9      | Reached XP level 11. HP: 66/77 MP: 14/24
 12441 | D:9      | Found an iron altar of Okawaru.
 12782 | D:10     | Entered Level 10 of the Dungeon
 12782 | D:10     | Noticed a two-headed ogre
 12789 | D:10     | Killed a two-headed ogre
 13083 | D:10     | Found Ziyps's Assorted Antiques.
 13094 | D:10     | Bought a fizzy coppery potion for 27 gold pieces
 13094 | D:10     | Bought a leatherbound book for 450 gold pieces
 13970 | D:11     | Identified a scroll of acquirement
 13972 | D:11     | Acquired an uncursed ring of wizardry
 13991 | D:11     | Reached skill level 1 in Throwing
 14271 | D:11     | Noticed a red ugly thing
 14281 | D:11     | Killed a red ugly thing
 14281 | D:11     | Noticed a cyan ugly thing
 14282 | D:11     | Reached skill level 10 in Conjurations
 14293 | D:11     | Killed a cyan ugly thing
 14603 | D:11     | Noticed Fannar
 14611 | D:11     | Killed Fannar
 14612 | D:11     | Reached skill level 5 in Evocations
 14713 | D:11     | Reached skill level 10 in Spellcasting
 15345 | D:11     | Noticed a four-headed hydra
 15842 | D:11     | Noticed a two-headed ogre
 15846 | D:11     | Killed a two-headed ogre
 15847 | D:11     | Reached XP level 12. HP: 71/83 MP: 20/26
 15994 | D:12     | Noticed a two-headed ogre
 16002 | D:12     | Killed a two-headed ogre
 16318 | D:12     | Found a staircase to the Orcish Mines.
 16342 | Orc:1    | Entered Level 1 of the Orcish Mines
 16463 | D:12     | Reached skill level 5 in Staves
 16643 | D:12     | Found a roughly hewn altar of Beogh.
 16689 | D:12     | Learned a level 5 spell: Irradiate
 17388 | D:12     | Reached skill level 11 in Spellcasting
 17613 | D:12     | Noticed Urug
 17617 | D:12     | Killed Urug
 18156 | D:13     | Noticed an ogre mage
 18168 | D:13     | Killed an ogre mage
 18368 | D:13     | Noticed an ogre mage
 18371 | D:13     | Reached XP level 13. HP: 60/94 MP: 23/28
 19370 | D:13     | Reached skill level 10 in Earth Magic
 19876 | D:14     | Found Zoimp's Distillery.
 19918 | D:14     | Found a huge runed gate.
 19918 | D:14     | Found a huge runed gate.
 19919 | D:14     | Found a huge runed gate.
 19925 | D:14     | Found a huge runed gate.
 19925 | D:14     | Found a huge runed gate.
 19926 | D:14     | Found a huge runed gate.
 19926 | D:14     | Found a huge runed gate.
 19926 | D:14     | Found a huge runed gate.
 19926 | D:14     | Found a huge runed gate.
 19926 | D:14     | Found a huge runed gate.
 19927 | D:14     | Found a huge runed gate.
 19939 | D:14     | Found a huge runed gate.
 19939 | D:14     | Found a huge runed gate.
 19940 | D:14     | Found a huge runed gate.
 19941 | D:14     | Found a huge runed gate.
 19942 | D:14     | Found a huge runed gate.
 19943 | D:14     | Found a huge runed gate.
 19944 | D:14     | Found a huge runed gate.
 20081 | D:14     | Reached skill level 12 in Spellcasting
 20326 | D:14     | Found a gate to the Vaults.
 20349 | D:15     | Entered Level 15 of the Dungeon
 20357 | D:15     | Reached skill level 5 in Dodging
 21551 | D:14     | Found a huge runed gate.
 21551 | D:14     | Found a huge runed gate.
 21551 | D:14     | Found a huge runed gate.
 21551 | D:14     | Found a huge runed gate.
 21551 | D:14     | Found a huge runed gate.
 21551 | D:14     | Found a huge runed gate.
 21552 | D:14     | Found a huge runed gate.
 21666 | D:14     | Found a huge runed gate.
 21666 | D:14     | Found a huge runed gate.
 21673 | D:14     | Found a huge runed gate.
 21676 | D:14     | Found a huge runed gate.
 21677 | D:14     | Found a huge runed gate.
 21677 | D:14     | Found a huge runed gate.
 21678 | D:14     | Found a huge runed gate.
 22089 | D:14     | Reached XP level 14. HP: 102/102 MP: 7/30
 22217 | D:14     | Identified the Reference Book on the Dusty Oath
 22289 | D:14     | Noticed Uqorphet's ghost (journeyman DECj)
 22289 | D:14     | Noticed Jaliuk's ghost (journeyman DECj)
 22289 | D:14     | Noticed Opnastoc's ghost (journeyman MiBe)
 22289 | D:14     | Noticed Imiczer's ghost (journeyman FoFi)
 22289 | D:14     | Noticed Jaliuk's ghost (journeyman DECj)
 22289 | D:14     | Noticed Onucvo's ghost (journeyman FoFi)
 22289 | D:14     | Noticed Onucvo's ghost (journeyman FoFi)
 22289 | D:14     | Noticed Asomn's ghost (journeyman DsFi)
 22290 | D:14     | Noticed a tengu reaver
 22481 | Lair:1   | Entered Level 1 of the Lair of Beasts
 22481 | Lair:1   | Noticed Maggie
 22596 | Temple   | Fell from the grace of Gozag
 22596 | Temple   | Became a worshipper of Vehumet
 22759 | Lair:1   | Killed Maggie
 22766 | Lair:1   | Learned a level 5 spell: Borgnjor's Vile Clutch
 23492 | Lair:1   | Reached skill level 1 in Necromancy
 24095 | Lair:2   | Reached skill level 5 in Throwing
 24279 | Lair:2   | Found a staircase to the Snake Pit.
 24334 | Lair:2   | Reached * piety under Vehumet
 24334 | Lair:2   | Offered knowledge of Shock by Vehumet.
 24489 | Lair:2   | Slain by a naga

Illustrated notes

Levels and vault maps discovered:
D:1:      matt_arrival_diagonals, layout_loops_ring
D:2:      layout_rooms, lemuel_doored_altar, uniq_jessica
D:3:      layout_loops_corners, overflow_temple_1_default, lemuel_crystal_altar,
          grunt_ministairs_13, tgw_kikubaaqudgha, uniq_robin
D:4:      minmay_chambers_of_twos, layout_basic, nicolae_overflow_hidden_temple,
          minmay_temple_entry_slanted, serial_shops, kennysheep_mini_moat,
          nicolae_shop_statue_plus, nicolae_shop_trees,
          nicolae_shop_window_shopping, nicolae_shop_waterfront,
          hangedman_abyss_or_decor_lesser_grid, hangedman_decor_points,
          uniq_natasha
D:5:      layout_rooms, serial_shops, shop, xom_redecorated
D:6:      layout_loops_ring, general_overflow_altar, enter_ossuary_3,
          uniq_eustachio, uniq_menkaure
D:7:      layout_cave_pools, fedhas_altar_1,
          chequers_temple_overflow_statue_of_worship, uniq_duvessa
D:8:      layout_basic, overflow_temple_1_default, hangedman_ru_absence,
          lemuel_crystal_altar, basic_altar, ebering_ghost_funeral_grove,
          enter_bailey_5, minmay_guarded_unrand_staff_of_olgreb
D:9:      layout_basic, okawaru_ov_weapons_minmay, due_lair_maze_entry_diamond
D:10:     layout_loops_corners, serial_shops, nicolae_shop_overgrown_old_shop,
          chequers_serial_rivers_room_b, lightli_orcish_oven
D:11:     layout_roguey, uniq_fannar
D:12:     layout_roguey, minmay_orc_entry_temple_small, uniq_urug
D:13:     minmay_tri_stars, layout_stronghold
D:14:     layout_basic, david_vaults_2, serial_shops, shop,
          gammafunk_ghost_door_vault, laboratory
D:15:     grunt_enter_depths_hoard, layout_cave_pools, evilmike_butchery
Temple:   nicolae_temple_figure_zero
Lair:1:   layout_layer_cave, uniq_maggie
Lair:2:   layout_roguey, minmay_snake_entry_guardpost_small, grunt_megastairs_1
Orc:1:    layout_caves, basic_altar

Skill      XL: |  1  2  3  4  5  6  7  8  9 10 11 12 13 14 |
---------------+-------------------------------------------+-----
Conjurations   | 5 6 7 9 10 | 10.7
Translocations | 1 2 3 4 |  4.7
Fighting       | 1 3 |  3.0
Spellcasting   | 3 4 5 6 8 9 10 11 12 | 12.3
Evocations     | 1 2 3 6 7 8 |  8.0
Maces & Flails | 1 4 |  4.0
Earth Magic    | 1 4 6 7 8 9 11 | 11.9
Shields        | 3 4 |  4.0
Fire Magic     | 2 3 |  3.4
Staves         | 1 4 6 7 |  7.5
Poison Magic   | 1 2 |  2.0
Transmutations | 1 2 |  2.0
Throwing       | 4 5 |  5.5
Dodging        | 3 7 |  7.7
Necromancy     | 1 |  1.0
Stealth        | |  1.7

Action                   |  1- 3 |  4- 6 |  7- 9 | 10-12 | 13-15 || total
-------------------------+-------+-------+-------+-------+-------++-------
Melee: Unarmed           |    35 |     5 |       |       |       ||    40
       Tailslap          |     3 |       |     6 |    21 |    16 ||    46
       Dagger            |       |    19 |     2 |       |       ||    21
       Whip              |       |       |    76 |     1 |    14 ||    91
       Staff             |       |       |       |   299 |   152 ||   451
Throw: Dart              |       |     1 |       |       |       ||     1
 Cast: Magic Dart        |    47 |    37 |    60 |    34 |    24 ||   202
       Searing Ray       |     4 |    39 |    85 |    81 |    39 ||   248
       Iskenderun's Myst |       |     2 |    17 |    60 |    58 ||   137
       Iskenderun's Batt |       |       |     1 |       |       ||     1
       Bolt of Magma     |       |       |       |     3 |     6 ||     9
       Ignite Poison     |       |       |       |     4 |     2 ||     6
       Irradiate         |       |       |       |     5 |     8 ||    13
       Iron Shot         |       |       |       |       |    30 ||    30
 Abil: Stop Flying       |       |       |     4 |       |       ||     4
       Fly               |       |       |     3 |       |       ||     3
       Breathe Dispellin |       |       |       |     1 |     1 ||     2
Evoke: Wand              |       |     7 |       |     1 |     6 ||    14
       Staff of Olgreb   |       |       |       |    21 |     6 ||    27
       Phial of floods   |       |       |       |       |     1 ||     1
  Use: Scroll            |     5 |     7 |    13 |    10 |     5 ||    40
       Potion            |       |     3 |     1 |    11 |     5 ||    20
 Stab: Distracted        |       |       |       |     2 |       ||     2
       Sleeping          |       |       |       |     1 |       ||     1
Armor: Skin              |    11 |    27 |    59 |   105 |    45 ||   247
Dodge: Dodged            |    23 |    38 |   111 |   267 |   148 ||   587
Block: Buckler           |       |       |    18 |   124 |   108 ||   250
